 Dungeon Crawl Stone Soup version 0.25-a0-71-ge910a4a285 (webtiles) character file.

Game seed: 17591907670406590511, levelgen mode: deterministic

631 oped the Skirmisher (level 7, -6/54 HPs)
             Began as an Octopode Chaos Knight on Nov 4, 2019.
             Was a Plaything of Xom.
             Mangled by an orc wizard
             ... wielding a +2 dagger of electrocution
              (19 damage)
             ... on level 5 of the Dungeon.
             The game lasted 00:04:55 (4637 turns).

oped the Skirmisher (Octopode Chaos Knight)         Turns: 4637, Time: 00:04:56

Health: -6/54      AC:  1    Str: 12    XL:     7   Next: 48%
Magic:  7/7        EV: 15    Int: 15    God:    Xom [.*....]
Gold:   279        SH:  0    Dex: 12    Spells: 6/6 levels left

rFire    . . .     SeeInvis .   x - +2 dire flail (venom)
rCold    + . .     Gourm    .   (shield currently unavailable)
rNeg     . . .     Faith    .   (helmet restricted)
rPois    .         Spirit   .   (no amulet)
rElec    .         Reflect  .   g - ring of stealth (curse)
rCorr    .         Harm     .   k - ring of flight
MR       .....                  m - ring of protection from cold
Stlth    +++.......             (no ring)
HPRegen  0.18/turn              (no ring)
MPRegen  0.10/turn              (no ring)
                                (no ring)
                                (no ring)

@: no status effects
A: almost no armour, stealthy swim, amphibious, 8 rings, constrict 8, camouflage
1, gelatinous body 1
a: Renounce Religion, Evoke Flight


You were on level 5 of the Dungeon.
You worshipped Xom.
You were a plaything of Xom.
You were hungry.

You visited 1 branch of the dungeon, and saw 5 of its levels.

You collected 279 gold pieces.

Inventory:

Hand Weapons
 a - a +0 short sword of chaos
 r - a +0 spear of freezing
 x - a +2 dire flail of venom (weapon)
Missiles
 d - 134 stones
 h - 7 javelins
 v - 15 poisoned darts (quivered)
Jewellery
 g - a cursed ring of stealth (left tentacle)
 k - a ring of flight (right tentacle)
 m - a ring of protection from cold (on tentacle)
Scrolls
 c - 2 scrolls of enchant armour
 e - a scroll of blinking {unknown}
 f - a scroll of amnesia
 i - 2 scrolls of remove curse {unknown}
 j - a scroll of magic mapping
 n - a scroll of fear
 o - 3 scrolls of teleportation {unknown}
 p - 2 scrolls of enchant weapon {unknown}
 w - a scroll of identify {@r1}
Potions
 l - 2 potions of curing {@q1}
 q - a potion of lignification {unknown}
 s - a potion of flight
 u - a potion of haste {unknown}
Comestibles
 b - 12 rations


   Skills:
 * Level 7.1 Fighting
 - Level 3.0 Short Blades
 + Level 5.1 Dodging


You had 6 spell levels left.
You didn't know any spells.
Your spell library was empty.

Dungeon Overview and Level Annotations

Branches:
Dungeon (5/15)
 Temple: D:4-7

Altars:
Elyvilon
Fedhas
Gozag
Makhleb
Okawaru
Ru
Uskayaw


Innate Abilities, Weirdness & Mutations

You cannot wear most types of armour.
You are very stealthy in the water. (Stealth+)
You are amphibious.
You can wear up to eight rings at the same time.
You can use your tentacles to constrict eight enemies at once.
Your skin changes colour to match your surroundings (Stealth+).
Your rubbery body absorbs attacks. (AC +1, EV +1)


Message History

The bullfrog zombie completely misses you.
You hit the bullfrog zombie.
You destroy the bullfrog zombie!
Something hits you but does no damage.
You barely miss something. Something barely misses you.
Something hits you but does no damage.
You are electrocuted!
A shower of butterflies erupts from you!
You hit something.
You hear some strange, mumbled words.
A puff of frost appears from out of thin air!
The puff of frost hits you. You resist. Something hits you.
You closely miss something. You squeeze something. Something hits you. x2
You closely miss something. Your squeeze misses something. Something hits you.
You are electrocuted!
* * * LOW HITPOINT WARNING * * *
Something hits you.
* * * LOW HITPOINT WARNING * * *
You are electrocuted!!
You die...

#.. ...###.. #####.#
#....... ...##.#
#.#..... ### ##.##.#
#).... .#.#. #..).#
#... .....
#.##.#####.####
..b... #.
#..........###.=b...
#.
#.##.#####.#b).....#
#.##.##.# #.#@#..
#.##.##.# #.#b# . #
#.##.##[# #.#b# . .
##....##.#####.#.#
#. .#
...##.##.........#
#.## ##.#
...##.##.#####...#
#... ... ...##.##.#
#...# #..#.#
#.###.##.# #...#
#....#
#.###.##.#####...#
#.#.....(..


There were no monsters in sight!

Vanquished Creatures
  Edmund (D:5)
  A scorpion (D:4)
  A crimson imp (D:5)
  A bullfrog zombie (D:5)
  A hound (D:4)
  A centaur skeleton (D:4)
  A bullfrog skeleton (D:4)
  An iguana (D:5)
  2 worker ants (D:5)
  7 gnolls
  5 adders
  A howler monkey skeleton (D:4)
  A shadow imp (D:2)
  An adder skeleton (D:4)
  2 worms (D:4)
  3 dart slugs
  3 leopard geckos
  7 orcs
  A ball python (D:5)
  5 giant cockroaches
  7 goblins
  6 hobgoblins
  3 jackals (D:2)
  9 bats
  2 frilled lizards
  6 kobolds
  4 rats
83 creatures vanquished.

Vanquished Creatures (collateral kills)
  A jelly (D:3)
  2 orcs (D:3)
  A goblin (D:3)
4 creatures vanquished.

Vanquished Creatures (others)
  A shadow imp (D:5)
1 creature vanquished.

Grand Total: 88 creatures vanquished

Notes
Turn   | Place    | Note
-------+----------+-------------------------------------------
     0 | D:1      | oped the Octopode Chaos Knight began the quest for the Orb.
     0 | D:1      | Reached XP level 1. HP: 16/16 MP: 1/1
    44 | D:1      | Reached XP level 2. HP: 12/21 MP: 2/2
   760 | D:1      | Reached XP level 3. HP: 21/27 MP: 3/3
   926 | D:1      | XOM is BORED!
   926 | D:1      | XOM: mild Tmut miscast
   939 | D:1      | XOM: harmless Necr miscast
   997 | D:1      | XOM: mild Pois miscast
  1135 | D:1      | XOM: cloud trail
  1236 | D:2      | XOM: noise
  1286 | D:2      | Reached skill level 4 in Fighting
  1358 | D:2      | XOM: divination: detect creatures
  1458 | D:2      | XOM: divination: magic mapping
  1520 | D:2      | Found a sacrificial altar of Ru.
  1639 | D:2      | XOM: harmless Ice miscast
  1651 | D:2      | Found a burning altar of Makhleb.
  1656 | D:2      | Reached XP level 4. HP: 24/33 MP: 4/4
  1892 | D:2      | Found an iron altar of Okawaru.
  2294 | D:3      | XOM: harmless Tloc miscast
  2416 | D:3      | Found an opulent altar of Gozag.
  2586 | D:3      | XOM: summons 3 friendly demons
  2587 | D:3      | Reached XP level 5. HP: 7/38 MP: 5/5
  2683 | D:3      | XOM: god gift: grey potion {god gift}
  2964 | D:3      | Noticed a swamp drake
  2964 | D:3      | a worm changed into a swamp drake
  2979 | D:3      | Reached skill level 5 in Fighting
  3072 | D:4      | Found a white marble altar of Elyvilon.
  3276 | D:4      | XOM: summons 2 hostile demons
  3435 | D:4      | Reached XP level 6. HP: 36/46 MP: 6/6
  3529 | D:4      | Found a blossoming altar of Fedhas.
  3595 | D:4      | XOM: 3-stop teleportation journey
  3921 | D:4      | Reached skill level 6 in Fighting
  3969 | D:4      | XOM: divination: detect items
  4143 | D:5      | Entered Level 5 of the Dungeon
  4152 | D:5      | Found a hide-covered altar of Uskayaw.
  4152 | D:5      | Noticed a +0 dagger
  4152 | D:5      | Noticed a +0 hand axe
  4328 | D:5      | XOM: god gift: 31 gold pieces
  4376 | D:5      | Noticed Edmund
  4385 | D:5      | XOM: cast spell 'Cause Fear'
  4388 | D:5      | Killed Edmund
  4388 | D:5      | Reached XP level 7. HP: 41/53 MP: 7/7
  4550 | D:5      | XOM: 2-stop teleportation journey
  4628 | D:5      | XOM: blink monster(s)
  4629 | D:5      | Reached skill level 7 in Fighting
  4629 | D:5      | Reached skill level 5 in Dodging
  4634 | D:5      | XOM: butterfly on damage
  4637 | D:5      | Mangled by an orc wizard

Levels and vault maps discovered:
D:1:      lightli_iron_boxes, layout_loops_ring, minivault_11,
          corexii_corridor_pit, chequers_serial_rivers_micro_c
D:2:      layout_loops_ring, makhleb_grotto_becter, nicolae_ru_awakened_eye,
          marbit_many_paths
D:3:      layout_basic, overflow_temple_1_default, dk_vineyard_3,
          nicolae_gozag_seed_capital
D:4:      minmay_evil_eye, layout_cave_pools, overflow_temple_1_default,
          fedhas_altar_4, minmay_misc_feat_enclosed,
          minmay_misc_feat_nine_boxes, minmay_crystal_room,
          minmay_fractal_squares_diagonal_5
D:5:      layout_loops_ring, dancing_weapons_uskayaw,
          nicolae_overflow_crystal_walls, lemuel_temple_firewalk_b,
          first_ration, uniq_ijyb, uniq_edmund

Skill      XL: |  1  2  3  4  5  6  7 |
---------------+----------------------+-----
Fighting       | 4 5 6 7 |  7.1
Dodging        | 3 4 5 |  5.1
Short Blades   | |  3.0

Action                   |  1- 3 |  4- 6 |  7- 9 || total
-------------------------+-------+-------+-------++-------
Melee: Short sword       |    61 |   115 |     6 ||   182
       Constrict         |    19 |    32 |     5 ||    56
       Tentacles         |    10 |    28 |     2 ||    40
       Dire flail        |       |       |    16 ||    16
Throw: Javelin           |       |     2 |       ||     2
       Dart              |       |     3 |       ||     3
  Use: Scroll            |       |     6 |       ||     6
 Stab: Sleeping          |     6 |    10 |       ||    16
       Confused          |       |     1 |       ||     1
  Eat: Chunk             |     2 |     9 |       ||    11
Armor: Skin              |    13 |     2 |       ||    15
Dodge: Dodged            |    40 |    67 |    18 ||   125

Table legend:
 A = Non-vault XP
 B = Vault XP
 C = Vault XP percentage of total XP
 D = Non-vault monster count
 E = Vault monster count
 F = Vault count percentage of total count
                 A         B        C        D         E       F
            +---------+---------+-------+---------+---------+-------
      Total |     657 |     245 |  27.2 |      81 |       6 |   6.9
            +---------+---------+-------+---------+---------+-------
        D:1 |      39 |       0 |   0.0 |      23 |       0 |   0.0
        D:2 |      46 |      25 |  35.2 |      12 |       2 |  14.3
        D:3 |      83 |       0 |   0.0 |      20 |       0 |   0.0
        D:4 |     207 |      58 |  21.9 |      10 |       3 |  23.1
        D:5 |     282 |     162 |  36.5 |      16 |       1 |   5.9
            +---------+---------+-------+---------+---------+-------
